 Dungeon Crawl Stone Soup version 0.22-a0-877-g5c4e1af (webtiles) character file.

61432 vineage the Severer (level 15, -10/138 HPs)
             Began as a Hill Orc Fighter on July 28, 2018.
             Was the Champion of Okawaru.
             Mangled by a harpy (16 damage)
             ... summoned by Kirke
             ... on level 12 of the Dungeon on July 29, 2018.
             The game lasted 00:31:55 (15463 turns).

vineage the Severer (Hill Orc Fighter)             Turns: 15463, Time: 00:31:55

Health: -10/138    AC:  0    Str: 23    XL:     15   Next: 2%
Magic:  15/15      EV: 13    Int:  8    God:    Okawaru [******]
Gold:   1184       SH:  0    Dex: 13    Spells: 14/14 levels left

rFire    . . .     SeeInvis .   (weapon currently unavailable)
rCold    . . .     Gourm    .   (shield currently unavailable)
rNeg     . . .     Faith    .   (armour currently unavailable)
rPois    .         Spirit   .   (helmet currently unavailable)
rElec    .         Reflect  .   (cloak currently unavailable)
rCorr    .         Harm     .   (gloves currently unavailable)
MR       +....                  (boots currently unavailable)
Stlth    +.........             (no amulet)
HPRegen  0.33/turn              (ring currently unavailable)
MPRegen  0.14/turn              (ring currently unavailable)

@: pig-form, hasted, studying Unarmed Combat, very quick
A: small, subdued magic 1
a: Heroism, Finesse, Renounce Religion


You were on level 12 of the Dungeon.
You worshipped Okawaru.
Okawaru was exalted by your worship.
You were not hungry.
You were a filthy swine.
You visited 3 branches of the dungeon, and saw 19 of its levels.
You also visited: Sewer.

You collected 1184 gold pieces.

Inventory:

Hand Weapons
 a - a +1 war axe of chopping
 d - a +4 broad axe of electrocution (melded)
 L - a +0 scimitar of flaming
 O - the +0 rapier of Ubbua {freeze, rPois rC- Str+4}
   (You found it on level 11 of the Dungeon)

   It has been specially enchanted to freeze those struck by it, causing extra
   injury to most foes and up to half again as much damage against particularly
   susceptible opponents.
   It can also slow down cold-blooded creatures.
   It affects your strength (+4).
   It makes you vulnerable to cold.
   It protects you from poison.
Armour
 b - the +0 hat of the Final Planets (melded) {rC+++ Int+6 Dex-4}
   (Okawaru gifted it to you on level 11 of the Dungeon)

   It affects your intelligence (+6).
   It affects your dexterity (-4).
   It renders you almost immune to cold.
 c - a +1 shield (melded)
 e - a +2 pair of gloves of strength
 j - a scarf of cloud immunity (melded)
 t - the +3 chain mail of Gallantry {+Fly rElec Stlth-}
   (Okawaru gifted it to you on level 10 of the Dungeon)

   It insulates you from electricity.
   It lets you fly.
   It makes you less stealthy.
 Y - a +2 pair of gloves of dexterity (melded)
 Z - a +1 plate armour of cold resistance (melded)
Jewellery
 f - a cursed amulet of inaccuracy {unknown}
 k - an uncursed ring of ice
 o - a +6 ring of slaying (melded)
 y - an uncursed ring of flight
 K - an uncursed ring of resist corrosion
 S - a +5 ring of strength
 W - the ring "Zuiproho" (melded) {*Drain +Inv rN+++ MP+9 Str+5}
   (You found it on level 4 of the Lair of Beasts)

   [ring of strength]

   It affects your strength (+5).
   It renders you almost immune to negative energy.
   It affects your magic capacity (+9).
   It lets you turn invisible.
   It causes draining when unequipped.
Wands
 l - a wand of clouds (4)
 n - a wand of iceblast (23)
 u - a wand of polymorph (17)
 v - a wand of paralysis (45)
 A - a wand of flame (50)
 H - a wand of random effects (62)
 P - a wand of acid (12)
Scrolls
 w - 6 scrolls of remove curse
 x - a scroll of fog
 B - 4 scrolls of immolation
 C - 4 scrolls of enchant armour
 D - 3 scrolls of amnesia
 E - a scroll of noise
 G - a scroll of fear
 I - 4 scrolls of teleportation
 T - a scroll of magic mapping
 U - 7 scrolls of identify
 V - 3 scrolls of enchant weapon
Potions
 g - 3 potions of brilliance
 h - 4 potions of lignification
 m - a potion of haste
 p - 2 potions of agility
 q - 3 potions of flight
 r - 7 potions of curing
 s - a potion of magic {unknown}
 z - 2 potions of cancellation
 F - 5 potions of degeneration
 J - a potion of heal wounds {unknown}
 M - 3 potions of mutation
 N - a potion of invisibility
Books
 Q - a manual of Unarmed Combat
Miscellaneous
 R - a phial of floods
Comestibles
 i - 27 rations


   Skills:
 + Level 14.0 Fighting
 * Level 19.8 Axes
 + Level 13.0 Armour
 + Level 13.0 Shields


You had 14 spell levels left.
You didn't know any spells.
Your spell library contained the following spells:

 Spells                   Type           Power        Failure   Level  Hunger
 Mephitic Cloud           Conj/Pois/Air  #.......     75%         3    ####...
 Venom Bolt               Conj/Pois      #.........   100%        5    ######.
 Olgreb's Toxic Radiance  Pois           #.......     99%         4    #####..
 Sting                    Conj/Pois      #...         36%         1    ##.....
 Corpse Rot               Necr           N/A          50%         2    ###....
 Stone Arrow              Conj/Erth      #.....       75%         3    ####...
 Spider Form              Tmut/Pois      #.........   75%         3    ####...
 Blade Hands              Tmut           #.........   100%        5    ######.
 Statue Form              Tmut/Erth      #........    100%        6    #######
 Ice Form                 Ice/Tmut       #.......     99%         4    #####..
 Dragon Form              Tmut           #.........   100%        7    #######
 Sticks to Snakes         Tmut           #.......     50%         2    ###....
 Leda's Liquefaction      Hex/Erth       #.........   99%         4    #####..
 Summon Hydra             Summ           #.........   100%        7    #######
 Beastly Appendage        Tmut           #.....       36%         1    ##.....
 Summon Forest            Summ/Tloc      #.........   100%        5    ######.
 Hydra Form               Tmut           #.........   100%        6    #######
 Irradiate                Conj/Tmut      #.........   100%        5    ######.
 Poisonous Vapours        Pois/Air       #.....       50%         2    ###....


Dungeon Overview and Level Annotations

Branches:
Dungeon (12/15)            Temple (1/1) D:6            Lair (6/6) D:10
  Swamp (0/4) Lair:4       Spider (0/4) Lair:3        Slime (0/5) Lair:6
    Orc (0/2) D:10

Altars:
Ashenzari
Cheibriados
Dithmenos
Fedhas
Gozag
Makhleb
Nemelex Xobeh
Okawaru
Qazlal
Sif Muna
Uskayaw
Vehumet
Wu Jian
Xom
Yredelemnul
The Shining One
Jiyva

Annotations:
D:12 Kirke


Innate Abilities, Weirdness & Mutations

((You have a pair of small horns on your head.))
((You have sharp toenails.))
((You are partially covered in large bone plates. (SH +4)))
Your spells are a little easier to cast, but a little less powerful.


Message History

The harpy screeches!
The harpy claws you! x2; The harpy barely misses you. x2
The harpy screeches!
The harpy closely misses you. The harpy claws you!
* * * LOW HITPOINT WARNING * * *
The harpy screeches!
The harpy completely misses you. The harpy claws you.
* * * LOW HITPOINT WARNING * * *
The harpy screeches!
The harpy claws you!!
* * * LOW HITPOINT WARNING * * *
The harpy claws you!
* * * LOW HITPOINT WARNING * * *
The harpy claws you.
* * * LOW HITPOINT WARNING * * *
The harpy closely misses you. The harpy barely misses you. x2
You feel yourself speed up.
The harpy screeches!
The harpy claws you!
You die...

≈ ..>. #.......... .
#.......... ≈ . #
#.......... ..#.
#.......... ...#
#######..........
#..##....##..........
#.......##..........
####.H...##..........
#...hH.{...##########
#..###H......# ####
... #....#..##...# .
#....##..†...#
#....##..†...#
########.#...#
#.....# ###...# ...#


You could see 3 harpies.

Vanquished Creatures
  Rupert (Lair:5)
  Nessos (Lair:5)
  2 entropy weavers (Lair:6)
  Azrael (D:12)
  Harold (D:9)
  4 hydras
  Erica (D:8)
  4 two-headed ogres
  A queen ant (Lair:6)
  Nergalle (Lair:4)
  An unseen horror (D:11)
  An ugly thing (D:11)
  A deep elf mage (D:11)
  3 oklob plants (Lair:2)
  3 elephants (Lair:4)
  6 black mambas
  Joseph (D:10)
  A gargoyle (D:11)
  A centaur skeleton (D:10)
  22 spiny frogs
  3 komodo dragons
  A kobold demonologist (D:12)
  A rime drake (Lair:3)
  A troll (D:12)
  2 polar bears
  4 tyrant leeches (Lair:6)
  10 hippogriffs
  27 blink frogs
  4 dream sheep (Lair:5)
  Sigmund (D:5)
  5 hogs (D:12)
  48 yaks
  3 wyverns
  A vampire (D:11)
  2 basilisks
  3 steam dragons
  6 vampire mosquitoes (Lair:6)
  6 fire elementals (D:12)
  11 water moccasins
  A warg (D:10)
  22 soldier ants (Lair:6)
  A hell hound (D:12)
  17 porcupines
  3 orc warriors
  2 black bears
  5 phantoms
  4 sky beasts
  A necrophage (D:12)
  8 ogres
  4 centaurs
  7 wolves (Lair:3)
  7 crocodiles
  3 big kobolds
  A wyvern zombie (D:7)
  30 bullfrogs
  2 wyvern skeletons
  2 scorpions
  6 killer bees
  A water moccasin skeleton (D:5)
  14 wights
  A howler monkey (D:5)
  2 electric eels
  2 bullfrog zombies (D:5)
  A centaur zombie (D:7)
  5 crimson imps
  2 quasits
  5 hounds
  13 orc wizards
  9 orc priests
  4 jellies
  2 bullfrog skeletons
  4 iguanas
  29 worker ants
  2 hound zombies
  2 hound skeletons
  A worker ant zombie (D:5)
  13 adders
  2 river rats
  3 shadow imps
  4 oozes
  2 adder skeletons
  An adder zombie (D:7)
  A worm (D:3)
  A dart slug (D:1)
  6 leopard geckos
  24 orcs
  6 ball pythons
  3 giant cockroaches
  3 goblins
  8 hobgoblins
  6 jackals
  5 quokkas
  9 bats
  8 frilled lizards
  25 kobolds
  A quokka skeleton (D:4)
  A quokka zombie (D:5)
  12 rats
  8 fungi
  4 plants
577 creatures vanquished.

Vanquished Creatures (others)
  A hippogriff (D:12)
  An adder (D:11)
  An orc (D:11)
  14 fungi
  31 plants
48 creatures vanquished.

Grand Total: 625 creatures vanquished

Notes
Turn   | Place    | Note
-------+----------+-------------------------------------------
     0 | D:1      | vineage the Hill Orc Fighter began the quest for the Orb.
     0 | D:1      | Reached XP level 1. HP: 19/19 MP: 1/1
    26 | D:1      | Reached skill level 3 in Axes
    40 | D:1      | Reached XP level 2. HP: 22/27 MP: 2/2
   344 | D:2      | Reached XP level 3. HP: 32/33 MP: 3/3
   504 | D:2      | Reached skill level 4 in Axes
   516 | D:2      | Reached XP level 4. HP: 35/40 MP: 4/4
   676 | D:2      | Found a blossoming altar of Fedhas.
   962 | D:3      | Found a snail-covered altar of Cheibriados.
  1177 | D:3      | Reached XP level 5. HP: 13/47 MP: 5/5
  1380 | D:3      | Found an opulent altar of Gozag.
  1414 | D:3      | Gained mutation: Your body sometimes deteriorates upon taking damage. [potion of mutation]
  1414 | D:3      | Gained mutation: You are occasionally teleported next to monsters. [potion of mutation]
  1414 | D:3      | Gained mutation: You have a pair of small horns on your head. [potion of mutation]
  1559 | D:3      | Found a glowing drain.
  1570 | Sewer    | Entered a sewer
  1620 | Sewer    | Noticed a big kobold
  1629 | Sewer    | Killed a big kobold
  1629 | Sewer    | Reached skill level 5 in Axes
  1661 | Sewer    | Found a white marble altar of Elyvilon.
  1909 | D:4      | Noticed an ogre
  1918 | D:4      | Killed an ogre
  1918 | D:4      | Reached XP level 6. HP: 35/55 MP: 6/6
  2073 | D:4      | Found a shattered altar of Ashenzari.
  2110 | D:4      | Found an ornate altar of the Wu Jian Council.
  2115 | D:4      | Reached skill level 5 in Fighting
  2115 | D:4      | Reached skill level 6 in Axes
  2236 | D:4      | Found a sparkling altar of Nemelex Xobeh.
  2435 | D:5      | Entered Level 5 of the Dungeon
  2455 | D:5      | Reached XP level 7. HP: 21/61 MP: 7/7
  2633 | D:5      | Reached skill level 7 in Axes
  2633 | D:5      | Reached skill level 5 in Armour
  2633 | D:5      | Reached skill level 5 in Shields
  2984 | D:5      | Found a shadowy altar of Dithmenos.
  3028 | D:5      | Reached XP level 8. HP: 68/70 MP: 8/8
  3037 | D:5      | Reached skill level 8 in Axes
  3072 | D:5      | Noticed Sigmund
  3076 | D:5      | Killed Sigmund
  3264 | D:5      | You fall through a shaft!
  3291 | D:6      | Reached skill level 9 in Axes
  3338 | D:6      | Reached XP level 9. HP: 79/79 MP: 9/9
  3351 | D:6      | Found a shimmering altar of Xom.
  3360 | D:6      | Found a staircase to the Ecumenical Temple.
  3590 | D:6      | Found a basalt altar of Yredelemnul.
  3789 | D:6      | Found a radiant altar of Vehumet.
  4294 | D:7      | Reached skill level 10 in Axes
  4362 | D:7      | Found a burning altar of Makhleb.
  4484 | Temple   | Entered the Ecumenical Temple
  4504 | Temple   | Became a worshipper of Warmaster Okawaru
  4696 | D:8      | Noticed Erica
  4704 | D:8      | Killed Erica
  4704 | D:8      | Reached * piety under Okawaru
  4704 | D:8      | Reached skill level 11 in Axes
  4746 | D:8      | Lost mutation: Your body sometimes deteriorates upon taking damage. [potion of mutation]
  4746 | D:8      | Lost mutation: You are occasionally teleported next to monsters. [potion of mutation]
  4746 | D:8      | Gained mutation: You have sharp toenails. [potion of mutation]
  4746 | D:8      | Gained mutation: Your spells are a little easier to cast, but a little less powerful. [potion of mutation]
  4746 | D:8      | Gained mutation: You are partially covered in large bone plates. (SH +4) [potion of mutation]
  4775 | D:8      | Reached ** piety under Okawaru
  4856 | D:8      | Reached XP level 10. HP: 78/88 MP: 10/10
  4881 | D:8      | Reached skill level 12 in Axes
  5240 | D:8      | Reached *** piety under Okawaru
  5517 | D:9      | Noticed a two-headed ogre
  5518 | D:9      | Found a basalt altar of Yredelemnul.
  5524 | D:9      | Killed a two-headed ogre
  5593 | D:9      | Reached **** piety under Okawaru
  5598 | D:9      | Reached skill level 13 in Axes
  5692 | D:9      | Found a sparkling altar of Nemelex Xobeh.
  5712 | D:9      | Noticed Harold
  5727 | D:9      | Killed Harold
  5727 | D:9      | Reached XP level 11. HP: 99/99 MP: 8/11
  5920 | D:10     | Entered Level 10 of the Dungeon
  5942 | D:10     | Reached ***** piety under Okawaru
  5988 | D:10     | Noticed a two-headed ogre
  5996 | D:10     | Killed a two-headed ogre
  5996 | D:10     | Reached skill level 10 in Fighting
  5996 | D:10     | Reached skill level 14 in Axes
  6179 | D:10     | Received a gift from Okawaru
  6182 | D:10     | Got a fine chain mail {god gift}
  6193 | D:10     | Identified the +3 chain mail of Gallantry {+Fly rElec Stlth-} (Okawaru gifted it to you on level 10 of the Dungeon)
  6400 | D:10     | Found a staircase to the Orcish Mines.
  6461 | D:10     | Noticed Joseph
  6472 | D:10     | Killed Joseph
  6566 | D:10     | Found a staircase to the Lair.
  6834 | Lair:1   | Entered Level 1 of the Lair of Beasts
  7070 | Lair:1   | Reached skill level 15 in Axes
  7070 | Lair:1   | Reached XP level 12. HP: 100/108 MP: 12/12
  7179 | Lair:1   | Reached skill level 10 in Armour
  7179 | Lair:1   | Reached skill level 10 in Shields
  7576 | Lair:2   | Received a gift from Okawaru
  7608 | Lair:2   | Got a creamy pearl robe {god gift}
  7619 | Lair:2   | Identified the +2 robe of the Jabberwock {rPois MR+ Int+3} (Okawaru gifted it to you on level 2 of the Lair of Beasts)
  7656 | Lair:2   | Noticed an eight-headed hydra
  7667 | Lair:2   | Killed a six-headed hydra
  7847 | Lair:2   | Noticed a six-headed hydra
  7858 | Lair:2   | Killed a one-headed hydra
  8526 | Lair:2   | Reached skill level 16 in Axes
  9194 | Lair:3   | Reached XP level 13. HP: 113/117 MP: 13/13
  9528 | Lair:3   | Found a hole to the Spider Nest.
  9699 | Lair:4   | Got a coiled silver ring
  9809 | Lair:4   | Found a staircase to the Swamp.
  9851 | Lair:4   | Reached skill level 17 in Axes
  9867 | Lair:4   | Received a gift from Okawaru
 10078 | Lair:4   | Noticed Nergalle
 10085 | Lair:4   | Killed Nergalle
 10542 | Lair:4   | You fall through a shaft for 2 floors!
 10542 | Lair:6   | Entered Level 6 of the Lair of Beasts
 10638 | Lair:6   | HP: 4/119 [spiny frog (4)]
 10828 | Lair:6   | Reached ****** piety under Okawaru
 11194 | Lair:5   | Reached skill level 18 in Axes
 11537 | Lair:5   | Noticed Nessos
 11560 | Lair:5   | Killed Nessos
 11747 | Lair:5   | Received a gift from Okawaru
 11932 | Lair:5   | Reached XP level 14. HP: 127/127 MP: 14/14
 11989 | Lair:5   | Noticed Rupert
 11992 | Lair:5   | Paralysed by Rupert for 7 turns
 12007 | Lair:5   | Killed Rupert
 12652 | Lair:6   | Found a runed door.
 12671 | Lair:6   | Found a viscous altar of Jiyva.
 12673 | Lair:6   | Found a staircase to the Slime Pits.
 12937 | Lair:6   | Noticed an entropy weaver
 12949 | Lair:6   | Killed an entropy weaver
 12949 | Lair:6   | Reached skill level 19 in Axes
 13639 | Lair:6   | Noticed an entropy weaver
 13648 | Lair:6   | Killed an entropy weaver
 13824 | D:10     | Identified the ring "Zuiproho" {*Drain +Inv rN+++ MP+9 Str+5} (You found it on level 4 of the Lair of Beasts)
 13888 | D:11     | Received a gift from Okawaru
 13892 | D:11     | Got a scorched hat {god gift}
 13901 | D:11     | Identified the +0 hat of the Final Planets {rC+++ Int+6 Dex-4} (Okawaru gifted it to you on level 11 of the Dungeon)
 13953 | D:11     | Found a glowing golden altar of the Shining One.
 14586 | D:11     | Got a jewelled rapier
 14587 | D:11     | Identified the cursed +0 rapier of Ubbua {freeze, rPois rC- Str+4} (You found it on level 11 of the Dungeon)
 14589 | D:11     | Identified a scroll of acquirement
 14881 | D:11     | Upgraded the game from 0.22-a0-866-geee5034 to 0.22-a0-877-g5c4e1af
 14964 | D:12     | Noticed Azrael
 14973 | D:12     | Killed Azrael
 15366 | D:12     | Reached XP level 15. HP: 129/137 MP: 15/15
 15423 | D:12     | Noticed Kirke
 15462 | D:12     | HP: 6/138 [harpy[Kirke] (3)]
 15463 | D:12     | Mangled by a harpy

Vault maps used:
D:1:      evilmike_arrival_plus, serial_bayou_pond_e
D:2:      fedhas_altar_4, nicolae_overflow_hidden_temple
D:3:      lemuel_doored_altar, first_ration, cheibrodos_sewer_entry_sluice,
          grunt_gozag_breadcrumbs
D:4:      nicolae_overflow_crystal_walls, lemuel_crystal_altar,
          nemelex_spade_bored_becter
D:5:      grunt_dithmenos_smoke_and_mirrors, minmay_misc_feat_enclosed,
          uniq_sigmund
D:6:      marbit_many_paths, kennysheep_little_box,
          gammafunk_temple_overflow_wave, minmay_temple_entry_from_below_b,
          yredelemnul_altar_generic
D:7:      lightli_temple_of_fire
D:8:      uniq_erica
D:9:      nemelex_altar_shiori, old_standard_altar, uniq_harold
D:10:     grunt_lair_entry_orc_guard_hut, david_orc_3, uniq_joseph
D:11:     basic_altar
D:12:     nicolae_qazlal_general_emergency, uniq_kirke, uniq_azrael
Temple:   compressed_dpeg_triangle_lava_temple
Lair:2:   minmay_lair_oklob_chamber
Lair:3:   spider_nest_entry_web_field, infiniplex_staircase_pool,
          grunt_megastairs_5, lemuel_fruit_tree, lemuel_fruit_fields
Lair:4:   swamp_mist, pond, uniq_nergalle
Lair:5:   lemuel_fruit_fields, grunt_megastairs_4, serial_bayou_shore_a,
          uniq_nessos, uniq_rupert
Lair:6:   minmay_lair_end_frog_pond, slime_altar_2, minivault_29,
          infiniplex_staircase_pool_2
Sewer:    sewer_kobolds

Skill      XL: |  1  2  3  4  5  6  7  8  9 10 11 12 13 14 15 |
---------------+----------------------------------------------+-----
Axes           | 3 4 5 6 7 9 11 13 15 16 18 19 | 19.8
Fighting       | 4 5 7 8 9 10 11 12 13 14 | 14.0
Armour         | 4 5 6 7 8 9 11 12 13 | 13.0
Shields        | 4 5 6 7 8 9 11 12 13 | 13.0

Action                   |  1- 3 |  4- 6 |  7- 9 | 10-12 | 13-15 || total
-------------------------+-------+-------+-------+-------+-------++-------
Melee: War axe           |   108 |   127 |   180 |   409 |   544 ||  1368
       Headbutt          |       |     7 |    35 |   102 |   156 ||   300
       Kick              |       |       |     2 |   152 |   278 ||   432
       Scimitar          |       |       |       |    13 |    10 ||    23
       Broad axe         |       |       |       |       |    68 ||    68
       Unarmed           |       |       |       |       |    16 ||    16
Invok: Heroism           |       |       |       |     5 |     1 ||     6
  Use: Scroll            |       |     7 |     9 |     9 |    10 ||    35
       Potion            |       |     4 |     2 |     1 |    12 ||    19
  Eat: Ration            |       |     1 |     1 |     4 |     4 ||    10
       Chunk             |       |     2 |     4 |     4 |     4 ||    14
Armor: Scale mail        |    53 |    58 |     1 |       |       ||   112
       Plate armour      |       |       |    63 |    46 |    70 ||   179
       Chain mail        |       |       |       |    64 |   101 ||   165
Dodge: Dodged            |    38 |    23 |    28 |    61 |   111 ||   261
Block: Shield            |    59 |    52 |    81 |   306 |   432 ||   930
       Rpst.: Scimitar   |       |       |       |     2 |     2 ||     4

Table legend:
 A = Spawn XP
 B = Non-spawn XP
 C = Spawn XP percentage of total XP
 D = Spawn monster count
 E = Non-spawn monster count
 F = Spawn count percentage of total count
 G = Total turns spent on level
                    A         B        C        D         E        F      G
               +---------+---------+-------+---------+---------+-------+---------
         Total |       0 |   87760 |   0.0 |       0 |     565 |   0.0 | 15463
               +---------+---------+-------+---------+---------+-------+---------
           D:1 |       0 |      27 |   0.0 |       0 |      15 |   0.0 |   291
           D:2 |       0 |      74 |   0.0 |       0 |      30 |   0.0 |   671
           D:3 |       0 |      79 |   0.0 |       0 |      20 |   0.0 |   802
           D:4 |       0 |     281 |   0.0 |       0 |      11 |   0.0 |   535
           D:5 |       0 |    1088 |   0.0 |       0 |      22 |   0.0 |   833
           D:6 |       0 |     867 |   0.0 |       0 |      17 |   0.0 |   777
           D:7 |       0 |     317 |   0.0 |       0 |      10 |   0.0 |   456
           D:8 |       0 |    3522 |   0.0 |       0 |      36 |   0.0 |   892
           D:9 |       0 |    4176 |   0.0 |       0 |      27 |   0.0 |   493
          D:10 |       0 |    6243 |   0.0 |       0 |      62 |   0.0 |   965
          D:11 |       0 |    6746 |   0.0 |       0 |      39 |   0.0 |  1033
          D:12 |       0 |    7776 |   0.0 |       0 |      37 |   0.0 |   562
        Lair:1 |       0 |    2399 |   0.0 |       0 |      13 |   0.0 |   703
        Lair:2 |       0 |    7109 |   0.0 |       0 |      20 |   0.0 |  1232
        Lair:3 |       0 |    7396 |   0.0 |       0 |      37 |   0.0 |   963
        Lair:4 |       0 |    6663 |   0.0 |       0 |      26 |   0.0 |   871
        Lair:5 |       0 |   10546 |   0.0 |       0 |      29 |   0.0 |  1500
        Lair:6 |       0 |   22332 |   0.0 |       0 |     102 |   0.0 |  1714
         Sewer |       0 |     119 |   0.0 |       0 |      12 |   0.0 |   136
               +---------+---------+-------+---------+---------+-------+---------
